Cogmind - Beta 13 @@@ ROGUE MODE // 2024.08.02 @ 21:16:14 Player: raftar Result: Destroyed by D-53 Grenadier with Mini Grenade Launcher Performance ------------- Evolutions (0) 0 Regions Visited (2) 400 Robots Destroyed (10) 50 Value Destroyed (166) 166 Prototype IDs (0) 0 Alien Tech Used (0) 0 Bonus (0) 0 TOTAL SCORE: 616 Bonus ------- None Cogmind --------- Core Integrity 0/250 Matter 155/300 Energy 57/125 System Corruption 3% Temperature Cool (0) Movement Rolling (200) Ox8 Location -10/Mines Parts ------- > --- POWER (1) -------- Light Ion Engine > --- PROPULSION (2) --- Wheel > --- UTILITY (2) ------ Huge Storage Unit Signal Interpreter > --- WEAPON (2) ------- EM Pulse Gun EM Pulse Gun > --- INVENTORY (25) --- Compact Wheel Compact Wheel Visual Processing Unit Small Laser Small Laser Assault Rifle Peak State ------------ > --- POWER ------------ Ion Engine > --- PROPULSION ------- Compact Wheel Compact Wheel > --- UTILITY ---------- Huge Storage Unit Improved Terrain Scanner > --- WEAPON ----------- Small Laser Grenade Launcher > --- INVENTORY -------- Light Ion Engine Wheel Wheel Compact Wheel Compact Wheel Signal Interpreter EM Pulse Gun EM Pulse Gun Small Laser Assault Rifle [Rating: 10] Favorites ----------- Power Ion Engine Engine Ion Engine Propulsion Compact Wheel Wheel Compact Wheel Utility Huge Storage Unit Device Improved Terrain Scanner Storage Huge Storage Unit Processor Signal Interpreter Weapon Small Laser Energy Gun Small Laser Ballistic Gun Assault Rifle Launcher Grenade Launcher Build | -11 -10 -10 ------- Run | Yrd Mat Min Slots Evolved . | . . . Power . | . . . Propulsion . | . . . Utility . | . . . Weapon . | . . . Parts Attached 17 | 7 4 6 Power 2 | 1 . 1 Engine 2 | 1 . 1 Core . | . . . Reactor . | . . . Propulsion 4 | 2 . 2 Treads . | . . . Leg . | . . . Wheel 4 | 2 . 2 Hover . | . . . Flight . | . . . Utility 4 | 2 2 . Device 1 | 1 . . Storage 2 | 1 1 . Processor 1 | . 1 . Hackware . | . . . Protection . | . . . Artifact . | . . . Weapon 7 | 2 2 3 Energy Gun 4 | 1 1 2 Energy Cannon . | . . . Ballistic Gun 1 | 1 . . Ballistic Cannon . | . . . Launcher 2 | . 1 1 Special Weapon . | . . . Impact Weapon . | . . . Slashing Weapon . | . . . Piercing Weapon . | . . . Special Melee Weapon . | . . . Unidentified Prototypes . | . . . Parts Lost 6 | . 1 5 Power 1 | . . 1 Propulsion 3 | . 1 2 Utility . | . . . Weapon 2 | . . 2 Highest Loss Streak 5 | . 1 5 To Critical Strikes . | . . . Average Slot Usage (%) 96 | . 97 94 Engine 12 | . 14 11 Wheel 26 | . 26 27 Device 3 | . 6 . Storage 14 | . 14 14 Processor 10 | . 7 14 Energy Gun 15 | . 16 15 Launcher 10 | . 11 10 Naked Turns . | . . . Heaviest Build 90 | 14 90 90 Greatest Support 32 | 32 32 26 Greatest Overweight (x) 8 | . 5 8 Average Overweight (x) 1 | . 1 3 Largest Inventory Capacity 25 | 8 25 25 Average Capacity 19 | 7 19 25 Most Carried 11 | 6 11 10 Average Carried 8 | 2 9 9 Final Capacity 25 | 8 25 25 Final Carried 11 | 6 11 6 Class Distribution -------------------- 100% | Mutant Dominant Class ---------------- Mutant | -10/Materials Mutant | -10/Mines Resources | -11 -10 -10 ----------- Run | Yrd Mat Min Matter Collected 345 | 257 50 38 Remotely . | . . . Salvage Created 303 | 136 143 24 Parts 25 | 14 11 . Haulers Intercepted . | . . . Recyclers Shooed . | . . . Parts Field Recycled . | . . . Retrieved Matter . | . . . Parts Self-Destructed . | . . . Prevented . | . . . Kills | -11 -10 -10 ------- Run | Yrd Mat Min Combat Hostiles Destroyed 7 | . 2 5 Guns 2 | . 1 1 AOE 5 | . 1 4 Classes Destroyed 7 | 3 3 1 Worker 1 | 1 . . Builder 1 | . 1 . Tunneler 3 | 3 . . Recycler 1 | 1 . . Watcher 2 | . 2 . Grunt 2 | . 2 . Assembled 5 | . . 5 Best Kill Streak 5 | 5 2 5 Combat Bots Only 5 | . 2 5 Max Kills in Single Turn 2 | 1 1 2 Gunslinging . | . . . Exploded 2 | . 1 2 Melee . | . . . Uniques/NPCs Destroyed . | . . . Combat | -11 -10 -10 -------- Run | Yrd Mat Min Hostile Shots Fired 26 | . 16 10 Missed 3 | . 3 . Damage Taken 790 | . 287 503 Core 259 | . 74 185 Absorbed by Shields . | . . . Core Remaining (%) 100 | 100 . . Volleys Fired 28 | 10 14 4 Largest 2 | 2 2 2 Hottest 80 | 60 80 70 Shots Fired 54 | 20 27 7 Gun 42 | 20 19 3 Cannon . | . . . Launcher 12 | . 8 4 Special . | . . . Kinetic 10 | 10 . . Thermal 24 | 10 14 . Explosive 12 | . 8 4 Electromagnetic 8 | . 5 3 Robot Hit Streak 5 | 5 4 3 Robot Miss Streak 2 | 2 2 1 Penetration Max . | . . . Secondary Targets . | . . . Shots Hit Robots 25 | 13 10 2 Core Hits 31 | 6 7 18 Critical Kills . | . . . Critical Parts Destroyed . | . . . Critical Strikes . | . . . Melee Attacks . | . . . Impact . | . . . Slashing . | . . . Piercing . | . . . Sneak Attacks . | . . . Combat Hostiles . | . . . Follow-up Attacks . | . . . Damage Inflicted 664 | 161 270 233 Guns 273 | 161 90 22 Cannons . | . . . Explosions 391 | . 180 211 Melee . | . . . Ramming . | . . . Kinetic 64 | 64 . . Thermal 164 | 97 67 . Explosive 359 | . 148 211 Electromagnetic 77 | . 55 22 Impact . | . . . Slashing . | . . . Piercing . | . . . Highest Corruption 3 | . . 3 Average Corruption 3 | . . 3 Corruption Purged . | . . . Corruption Blocked . | . . . Effects 2 | . . 2 Energy Discharges 1 | . . 1 Data Loss (minor) 1 | . . 1 Overload Shots . | . . . Overflow Damage 16 | . 16 . Projectiles . | . . . Explosions 16 | . 16 . Melee . | . . . Knockbacks . | . . . Impact . | . . . Kinetic . | . . . Secondary . | . . . Self-Inflicted Damage 157 | . 137 20 Shots 5 | . 4 1 Rammed . | . . . Targets Rammed . | . . . Kicked . | . . . Crushed . | . . . Highest Temperature 115 | 20 115 12 Average Temperature 26 | 20 31 6 Received Heat Transfer 87 | . 87 . Siege Activations . | . . . Robots Corrupted . | . . . Combat Hostiles . | . . . Parts Fried . | . . . Impact Corruptions . | . . . Robots Melted . | . . . Combat Hostiles . | . . . Parts Melted 1 | . 1 . Heat Transferred 350 | 225 125 . Parts Sabotaged . | . . . Parts Stolen . | . . . Parts Stripped . | . . . Power Chain Reactions 1 | . 1 . Alert | -11 -10 -10 ------- Run | Yrd Mat Min Peak Influence 161 | 25 161 72 Initial 62 | . 16 62 Average 49 | 8 59 60 Maximum Alert Level . | . . . Low Security (%) 100 | 100 100 100 Level 1 . | . . . Level 2 . | . . . Level 3 . | . . . Level 4 . | . . . Level 5 . | . . . High Security . | . . . Max Security . | . . . Squads Dispatched . | . . . Investigation . | . . . Extermination . | . . . Reinforcement . | . . . Assault . | . . . Garrison . | . . . Intercept . | . . . Searches Triggered . | . . . Construction Impeded . | . . . Haulers Reinforced . | . . . Active Scanning Responses . | . . . Cargo Convoy Interrupts . | . . . Stealth | -11 -10 -10 --------- Run | Yrd Mat Min Distress Signals 1 | . 1 . Communications Jammed . | . . . Distress Signals . | . . . Times Spotted 16 | . 9 7 Peak Tracking Total 4 | . 3 4 Tactical Retreats . | . . . Traps | -11 -10 -10 ------- Run | Yrd Mat Min Traps Triggered . | . . . Indirectly . | . . . Trap Hack Attempts . | . . . Triggered . | . . . Disarmed . | . . . Reprogrammed . | . . . Reused . | . . . Traps Extracted . | . . . Installed . | . . . Triggered . | . . . Machines | -11 -10 -10 ---------- Run | Yrd Mat Min Machines Disabled 2 | . 2 . Max in Single Turn 2 | . 2 . Machines Repaired . | . . . Machines Dismantled . | . . . Machines Sabotaged . | . . . Overloaded Fab Kills . | . . . Hacking | -11 -10 -10 --------- Run | Yrd Mat Min Machines Accessed . | . . . Terminals . | . . . Fabricators . | . . . Repair Stations . | . . . Recycling Units . | . . . Scanalyzers . | . . . Garrison Access . | . . . Total Hacks . | . . . Successful . | . . . Failed . | . . . Catastrophic . | . . . Database Lockouts . | . . . Manual . | . . . Terminals . | . . . Fabricators . | . . . Repair Stations . | . . . Recycling Units . | . . . Scanalyzers . | . . . Garrison Access . | . . . Terminal Hacks . | . . . Fabricator Hacks . | . . . Repair Station Hacks . | . . . Recycling Unit Hacks . | . . . Scanalyzer . | . . . Garrison Access Hacks . | . . . Unauthorized Hacks . | . . . Terminals . | . . . Fabricators . | . . . Repair Stations . | . . . Recycling Units . | . . . Scanalyzers . | . . . Garrison Access . | . . . Data Cores Recovered . | . . . Used . | . . . Hacking Detections . | . . . Full Trace Events . | . . . Feedback Events . | . . . Feedback Blocked . | . . . Robot Schematics Acquired . | . . . Robots Built . | . . . Authchips . | . . . Time . | . . . Total Robot Build Rating . | . . . Part Schematics Acquired . | . . . Parts Built . | . . . Authchips . | . . . Time . | . . . Total Part Build Rating . | . . . Parts Repaired . | . . . Time . | . . . Parts Recycled . | . . . Recycled Matter . | . . . Retrieved Matter . | . . . Retrieved Components . | . . . Parts Scanalyzed . | . . . Part Schematics Acquired . | . . . Parts Damaged . | . . . Bothacking | -11 -10 -10 ------------ Run | Yrd Mat Min Used RIF Installer . | . . . Robots Hacked . | . . . Non-combat . | . . . Combat . | . . . Robot Hacks Applied . | . . . Relay Couplers Released . | . . . Fabnet Peak Effective % . | . . . Robots Rewired . | . . . Allies Hacked . | . . . Hacks Repelled . | . . . Allies | -11 -10 -10 -------- Run | Yrd Mat Min Total Allies . | . . . Largest Group . | . . . Highest-Rated Group . | . . . Highest-Rated Ally . | . . . Total Orders . | . . . Ally Attacks . | . . . Total Damage . | . . . Kills . | . . . Allies Corrupted . | . . . Allies Melted . | . . . Intel | -11 -10 -10 ------- Run | Yrd Mat Min Robot Analysis Total . | . . . Derelict Logs Recovered 2 | . . 2 Drone Launches . | . . . Drone Recoveries . | . . . Exploration | -11 -10 -10 ------------- Run | Yrd Mat Min Turns Passed 656 | 130 279 247 Spaces Moved 410 | 83 158 169 Core 6 | 6 . . Treads . | . . . Legs . | . . . Wheels 404 | 77 158 169 Hover . | . . . Flight . | . . . Fastest Speed 50 | 50 100 135 Average Speed 122 | 96 121 135 Slowest Speed 200 | 100 175 200 Overloaded Moves . | . . . Propulsion Burnouts . | . . . Robots Hopped . | . . . Cave-ins Triggered . | . . . Exploration Rate (%) 27 | 4 29 49 Regions Visited 2 Branch Regions 1 Pre-discovered Areas . | . . . Known Exits Taken 1 | . 1 . Unknown Exits Taken 1 | 1 . . Scrap Searched 1 | . . 1 Spaces Dug 21 | . 21 . Terrain Destroyed 83 | . 59 24 Melee . | . . . Projectile . | . . . AOE 83 | . 59 24 Terrain Rammed . | . . . Walls Destroyed . | . . . Machines Disabled . | . . . Actions | -11 -10 -10 --------- Run | Yrd Mat Min Total 509 | 112 218 179 Wait 33 | . 33 . Move 408 | 82 157 169 Hop . | . . . Pick Up 20 | 13 7 . Fast Attach . | . . . Attach 12 | 7 . 5 Detach . | . . . Swap 5 | . 4 1 Drop 3 | . 3 . Fire 28 | 10 14 4 Melee . | . . . Ram . | . . . Kick . | . . . Crush . | . . . Escape Stasis . | . . . Rewire . | . . . Trap . | . . . Miscellaneous . | . . . Route ------- -11/Scrapyard -10/Materials -10/Mines History --------- Turn | Location | Event 16 | -11/Scrapyard | Discovered new exit (range 16) 131 | -11/Scrapyard | Entered Materials 257 | -10/Materials | Discovered new exit (range 5) 264 | -10/Materials | Identified exit to Mines 301 | -10/Materials | Build established: Mutant 410 | -10/Materials | Entered Mines 464 | -10/Mines | Learned Materials emergency access door positions 549 | -10/Mines | Learned Materials garrison access intel 606 | -10/Mines | Assembled infested the area 648 | -10/Mines | Core integrity fell below 50% 648 | -10/Mines | Met 8R-AWN 653 | -10/Mines | Core integrity fell below 20% 657 | -10/Mines | Destroyed by D-53 Grenadier with Mini Grenade Launcher Last Messages --------------- 00649_ HV Slug penetrates Earth. 00649_ HV Slug penetrates D-53 Grenadier. 00649_ HV Slug penetrates Earth. 00649_ Com. Wheel destroyed. 00650_ U-05 Engineer lays Concrete. 00651_ Wheel destroyed. 00652_ U-05 Engineer lays Concrete. 00652_ HV Slug penetrates D-53 Grenadier. 00652_ D-53 Grenadier suffers critical hit (Destroy). 00652_ HV Slug penetrates Earth. 00652_ HV Slug penetrates D-53 Grenadier. 00652_ HV Slug penetrates Earth. 00653_ U-05 Engineer builds a Wall. 00654_ The unstable cave ceiling collapses. 00654_ HV Slug penetrates D-53 Grenadier. 00654_ HV Slug penetrates Earth. 00654_ HV Slug penetrates D-53 Grenadier. 00654_ D-53 Grenadier suffers critical hit (Destroy). 00654_ HV Slug penetrates Wall. 00657_ System corrupted: Energy discharge (-17). Map ----- +----------------------------------------------------+ | ???????????????????????????????????????????? | | ???????????????????????????????????????????? | | ???????????????????????????????????????????? | | ???????????????????????????????????????????? | | ???????????????????????????????????????????? | | ???????????????????????????????????????????# | | ??????????????????????????????????????????## | | ?????????????????????????????????????????## | | ????????????????????????????????????????## | | ???????????????????????????????????????## | | ???????????????????????????????????????# | | ?????????????????????? #???????????????# | | ?????????? ? ???????? #??????????????# | | ???????? ??????? ??????????????# | | ?????? ??????? ??????????????## | | ?????## #?????? ????????????????#### | | ?????# ?????# #???????????????????? | | ?????## ????? #???????????????????? | | ?????# ?#### %<#???????????????????? | | ??????# ## #???????????????????? | | ???????# ##??????????????????? | | ???????# #??????????????????? | | ???????# #??????????????????? | | ????????# ; ##??????????????????? | | ?????????# d g #??????????????????? | | ???????# d @ #???? ???????????? | | ???###???#### ##???? ?????????? | | ???# ????## # #???? ??????? | | ???# ?? #####???? ??????? | | ???# #### # ###????????# ???????? | | ???? ## #?????????## ????????? | | ?????#???# a ######?????# #?????????? | | ?????????# ### ##????# #??????????? | | ?????????## # ### #????# #??????????? | | ?????????# u #????# ##?????????? | | ?????????# ##??## ##????????? | | ?????????# #### """ ######???? | | ??????# # """ ###?? | | ??????### #### ## """ ### | | ????????##???## ### | | ??????????????######?###### | | ??????????????????????????## | | ???????????????????????????## ## | | ????????????????????????????## #### | | ?????????????????????????????#### ##??##### | | ????????????????????????????????####???????? | | ???????????????????????????????????????????? | | ???????????????????????????????????????????? | | | | | +----------------------------------------------------+ Best States ------------- Heat Dissipation 25 Energy Generation 10 Energy Capacity 250 Matter Stores 257 Matter Capacity 300 Sight Range 16 Terrain Scan Range 16 Terrain Scan Density 10 Evasion (%) 40 Item Schematics ----------------- None Robot Schematics ------------------ None Fabricated ------------ Nothing Alien Tech Used ----------------- None Achievements -------------- None Challenges ------------ None Game ------ Seed HardcellSigixJammer Manual? 0 Play Time 00:08:03 Cumulative 7.9 hours Start 2024.08.02 @ 21:10:04 End 2024.08.02 @ 21:16:14 Sessions 1 Manual Loads 0 Difficulty Rogue Special Mode None Game No. 12 Rogue 12 Adventurer 0 Explorer 0 Win Type - Total 0 Types 0/0/0/0/0/0/0/0/0 Lore% 7 Gallery% 14 Achievement% 14 Wizard Run 0 Options --------- Layout 1 ASCII 0 Keyboard 0 Movement Mouse Keybinds 0 Fullscreen 1 Font 24/Smallcaps Map View 76x35 Zoom Use 0% Tactical HUD 1 Map Filters NONE Filters NONE Steam 1 RUN: 7ed9af01-dac2-40ee-b11e-c871253fd2eb